 Dungeon Crawl Stone Soup version 0.30-a0-605-gb2882149bf (webtiles) character file.

Game seed: 16733109428507255630

119257 themarg the Martial Artist (level 16, 0/127 HPs)
             Began as a Gnoll Transmuter on Jan 8, 2023.
             Was an Initiate of Gozag.
             Slain by a salamander
             ... wielding a +0 halberd
              (1 damage)
             ... on level 2 of the Snake Pit.
             The game lasted 01:35:07 (32240 turns).

themarg the Martial Artist (Gnoll Transmuter)      Turns: 32240, Time: 01:35:08

Health: 0/127      AC:  7    Str: 11    XL:     16   Next: 79%
Magic:  24/32      EV: 16    Int: 19    God:    Gozag
Gold:   3227       SH:  0    Dex:  8    Spells: 13/40 levels left

rFire   + + +      SeeInvis .      - Unarmed
rCold   . . .      Faith    .    (shield currently unavailable)
rNeg    . . .      Spirit   .    H - +0 leather armour of Hinat {rPois rF+++ Will+ Dex-5}
rPois   +          Reflect  .    O - +0 helmet
rElec   .          Harm     .    q - +0 cloak
rCorr   .          Rampage  .    (gloves currently unavailable)
Will    ++...                    (no boots)
Stlth   ++++                     R - amulet of regeneration
HPRegen 1.21/turn                r - ring of wizardry
MPRegen 0.23/turn                Z - +5 ring of evasion

@: mighty, brilliant, about to teleport, blade hands, gold aura, constricted,
bribing [the Snake Pit]
A: fangs 1, strong nose, distributed training
a: End Transformation, Renounce Religion, Potion Petition, Call Merchant, Bribe
Branch


You were on level 2 of the Snake Pit.
You worshipped Gozag.
Gozag was most pleased with you.
You had blades for hands.
You visited 4 branches of the dungeon, and saw 24 of its levels.

You collected 9244 gold pieces.
You spent 64 gold pieces at shops.
You paid 5953 gold pieces to Gozag.

Inventory:

Missiles
 J - 6 atropa-tipped darts
 P - 4 silver javelins
 X - 5 curare-tipped darts
 Y - 12 javelins
Armour
 q - a +0 cloak (worn)
 A - a +2 pair of gloves (melded)
 H - the +0 leather armour of Hinat (worn) {rPois rF+++ Will+ Dex-5}
   (You found it on level 7 of the Dungeon)

   Dex:       It affects your dexterity (-5).
   rF:        It renders you almost immune to fire.
   rPois:     It protects you from poison.
   Will:      It increases your willpower.
 O - a +0 helmet (worn)
Jewellery
 i - a +6 ring of strength
 r - a ring of wizardry (left blade hand)
 s - a ring of resist corrosion
 G - a ring of protection from fire
 M - a ring of willpower
 R - an amulet of regeneration (around neck)
 V - a +6 ring of dexterity
 Z - a +5 ring of evasion (right blade hand)
Wands
 f - a wand of roots (9)
 k - a wand of light (3)
 o - a wand of flame (66)
 B - a wand of mindburst (12)
 I - a wand of paralysis (19)
 L - a wand of digging (1)
Scrolls
 c - 2 scrolls of enchant weapon {unknown}
 e - 3 scrolls of vulnerability
 l - 2 scrolls of silence {unknown}
 m - 4 scrolls of amnesia
 p - 2 scrolls of teleportation
 t - 3 scrolls of torment
 z - 5 scrolls of magic mapping
 C - 5 scrolls of blinking
 D - 5 scrolls of poison
 E - 4 scrolls of fear
 W - 2 scrolls of fog
Potions
 a - 7 potions of flight
 b - 7 potions of lignification
 d - 2 potions of resistance
 g - 6 potions of might
 h - 2 potions of invisibility
 j - 3 potions of haste
 n - 6 potions of curing
 u - a potion of experience {unknown}
 v - 3 potions of berserk rage
 w - 2 potions of attraction
 x - 4 potions of cancellation
 F - 4 potions of degeneration {unknown}
 K - 4 potions of heal wounds
 N - 4 potions of mutation
 S - a potion of ambrosia {unknown}
 U - 3 potions of brilliance
Miscellaneous
 y - a phial of floods
 Q - a phantom mirror (inert)
 T - a tin of tremorstones (2/2)


   Skills:
 + Level 11.8 Fighting
 + Level 11.5 Short Blades
 + Level 11.5 Long Blades
 + Level 11.5 Axes
 + Level 11.5 Maces & Flails
 + Level 11.5 Polearms
 + Level 11.5 Staves
 + Level 11.5 Ranged Weapons
 + Level 11.5 Throwing
 + Level 11.5 Armour
 + Level 12.4 Dodging
 + Level 11.5 Stealth
 + Level 11.5 Shields
 + Level 13.1 Unarmed Combat
 + Level 12.5 Spellcasting
 + Level 9.7 Conjurations
 + Level 9.7 Hexes
 + Level 9.7 Summonings
 + Level 9.7 Necromancy
 + Level 9.7 Translocations
 + Level 10.5 Transmutations
 + Level 9.7 Fire Magic
 + Level 9.7 Ice Magic
 + Level 9.7 Air Magic
 + Level 9.7 Earth Magic
 + Level 9.7 Poison Magic
 + Level 12.5 Invocations
 + Level 11.5 Evocations


You had 13 spell levels left.
You knew the following spells:

 Your Spells              Type           Power      Damage    Failure   Level
a - Beastly Appendage     Tmut           100%       N/A       2%          1
b - Wereblood             Tmut           67%        N/A       3%          2
c - Spider Form           Tmut/Pois      66%        N/A       4%          3
d - Ice Form              Ice/Tmut       66%        N/A       6%          4
e - Mephitic Cloud        Conj/Pois/Air  65%        N/A       4%          3
f - Summon Lightning Spi  Summ/Air       65%        N/A       7%          4
g - Blade Hands           Tmut           33%        N/A       10%         5
h - Lee's Rapid Deconstr  Erth           32%        3d17*     12%         5

Your spell library contained the following spells:

 Spells                   Type           Power      Damage    Failure   Level
 Magic Dart               Conj           100%       1d8       3%          1
 Blink                    Tloc           100%       N/A       3%          2
 Call Imp                 Summ           65%        N/A       3%          2
 Cigotuvi's Dreadful Rot  Necr/Pois/Air  100%       N/A       3%          2
 Poisonous Vapours        Pois/Air       100%       N/A       3%          2
 Frozen Ramparts          Ice            100%       1d16      4%          3
 Gell's Gravitas          Tloc           65%        N/A       4%          3
 Hailstorm                Conj/Ice       65%        3d14      4%          3
 Inner Flame              Hex/Fire       65%        N/A       4%          3
 Lesser Beckoning         Tloc           100%       N/A       4%          3
 Portal Projectile        Hex/Tloc       100%       N/A       4%          3
 Teleport Other           Tloc           65%        N/A       4%          3
 Tukima's Dance           Hex            65%        N/A       4%          3
 Flame Wave               Conj/Fire      65%        2d15      7%          4
 Leda's Liquefaction      Hex/Erth       32%        N/A       7%          4
 Manifold Assault         Tloc           65%        N/A       7%          4
 Sticky Flame             Conj/Fire      65%        2d8       7%          4
 Summon Ice Beast         Ice/Summ       65%        N/A       7%          4
 Statue Form              Tmut/Erth      44%        N/A       28%         6
 Dispersal                Tloc           32%        N/A       32%         6
 Storm Form               Tmut/Air       33%        N/A       67%         7
 Disjunction              Tloc           32%        N/A       99%         8
 Maxwell's Capacitive Co  Air            32%        ∞         99%         8
 Simulacrum               Ice/Necr       Unusable   N/A       N/A         6

Dungeon Overview and Level Annotations

Branches:
Dungeon (15/15)            Temple (0/1) D:4            Lair (5/5) D:8
 Shoals (0/4) Lair:3        Snake (2/4) Lair:2        Slime (0/5) Lair:5
    Orc (2/2) D:12            Elf (0/3) Orc:2        Vaults (0/5) D:14
 Depths (0/4) D:15

Altars:
Cheibriados
Fedhas
Gozag
Ru
Sif Muna
Uskayaw
Vehumet
Xom
Jiyva

Shops:
D:1 *   D:7 [   Orc:2 *=([


Innate Abilities, Weirdness & Mutations

You have blades for hands.
Your spellcasting is less reliable in this form.
You are incapable of wielding weapons or throwing items.
You have very sharp teeth.
Your uncanny sense of smell can sniff out nearby items.
Your experience applies equally to all skills.


Message History

A salamander comes into view. It is wielding a +0 halberd.
The naga mage spits poison at you. The splash of poison hits you.
You are poisoned.
You resist.
As you read the scroll of teleportation, it crumbles to dust.
You feel strangely unstable.
You feel sick.
Your lightning spire disappears in a puff of smoke!
The guardian serpent coils itself and waves its upper body at you.
The bolt of poison hits you. You resist.
The bolt of poison hits the naga.
The salamander closely misses you. The naga completely misses you.
The naga constricts you. The naga misses you. The naga mage closely misses you.
The guardian serpent hits you!
You barely miss the guardian serpent.
You bite the guardian serpent, but do no damage.
You feel sick. The naga closely misses you. The naga constricts you.
The naga hits you with a +0 flail of protection!
* * * LOW HITPOINT WARNING * * *
The guardian serpent misses you. The naga mage hits you with a +0 spear!
* * * LOW HITPOINT WARNING * * *
Okay, then. [a] - 230 gold - heal wounds and berserk rage [b] - 286 gold - curing and magic [c] - 400 gold - might, brilliance, heal wounds and curing Purchase which effect?
You feel very mighty all of a sudden.
You feel clever all of a sudden.
You feel much better.
You feel better. The guardian serpent misses you. The naga closely misses you.
The naga constricts you. The naga closely misses you.
The naga mage hits you with a +0 spear!
* * * LOW HITPOINT WARNING * * *
Do you want to bribe the denizens of the Snake Pit?
Gozag spreads your bribe to the Snake Pit!
The guardian serpent hits you!!
* * * LOW HITPOINT WARNING * * *
The salamander is distracted by your dazzling golden aura.
The salamander hits you from afar with a +0 halberd.
* * * LOW HITPOINT WARNING * * *
You are engulfed in flames.
You resist.
You die...
Your body crumbles into a pile of gold.

### ### ###.##
###.#####$S..####
#.......N@NN.N..#
#...##..NN§..##..#
#...########## §.#
#..## . #..# #..#
####.## ####....##
##........##


You could see 3 salamanders, a guardian serpent, a naga mage (strong, catching
breath) and 2 nagas.

Vanquished Creatures
  Gastronok (D:11)
  An orc warlord (Orc:2)
  A dire elephant (D:15)
  An ettin (Orc:2)
  A fire dragon (Lair:5)
  Erolcha (D:11)
  An ogre mage (D:15)
  3 hydras
  3 centaur warriors (D:14)
  An anaconda (Snake:1)
  7 boulder beetles
  7 two-headed ogres
  A death yak (Lair:4)
  3 catoblepae
  A tengu warrior (D:14)
  6 naga warriors
  Urug (D:11)
  3 naga sharpshooters (Snake:1)
  3 orc high priests
  Sonja (Lair:3)
  2 shock serpents (Snake:1)
  A naga ritualist (Snake:2)
  2 wizards (D:14)
  A lindwurm (Lair:5)
  7 orc sorcerers
  3 mana vipers
  7 orc knights
  16 ugly things
  A salamander (shapeshifter) (D:10)
  An oklob plant (Lair:5)
  4 cyclopes
  3 manticores
  A salamander (Snake:2)
  3 elephants (Lair:4)
  3 wolf spiders
  2 naga magi (Snake:2)
  4 torpor snails
  16 black mambas
  A merfolk siren (Lair:3)
  A gargoyle (D:10)
  A rime drake (shapeshifter) (D:14)
  3 rime drakes (Lair:4)
  11 cane toads
  2 unseen horrors
  8 komodo dragons
  The ghost of pokeman the Magician, a novice DEHW of Vehumet (D:5)
  A tengu conjurer (D:13)
  8 trolls
  11 polar bears
  A wolf spider simulacrum (D:15)
  A hornet (shapeshifter) (D:13)
  4 tyrant leeches (Lair:5)
  12 blink frogs
  A raiju (Lair:5)
  5 hornets
  4 nameless horrors
  9 dream sheep (Lair:5)
  3 slime creatures (D:15)
  2 centaur simulacra
  3 vampires
  36 yaks
  3 wyverns
  A shadow (D:11)
  A basilisk (Lair:1)
  A steam dragon (D:9)
  11 nagas
  4 wargs
  15 water moccasins
  Duvessa (D:7)
  9 hell hounds (Lair:5)
  15 black bears
  26 orc warriors
  A sky beast (D:7)
  4 ice beasts
  13 ogres
  6 centaurs
  21 wolves
  A scorpion (D:5)
  8 bullfrogs
  2 necrophages (D:5)
  A two-headed ogre simulacrum (Orc:1)
  3 wights (D:9)
  An elephant simulacrum (Orc:1)
  Dowan (D:7)
  12 killer bees
  6 howler monkeys
  4 electric eels
  2 hounds (D:5)
  A jelly (D:6)
  17 orc priests
  4 iguanas
  23 orc wizards
  A spriggan simulacrum (Orc:1)
  A troll simulacrum (Orc:1)
  A wolf simulacrum (Orc:1)
  8 adders
  A shadow imp (D:6)
  3 ufetubi
  51 orcs
  8 endoplasms
  A giant cockroach (D:3)
  8 hobgoblins
  4 kobolds
  6 quokkas
  2 ball pythons (D:3)
  11 bats
  3 frilled lizards (D:1)
  6 goblins
  4 rats
590 creatures vanquished.

Vanquished Creatures (collateral kills)
  An ice dragon (shapeshifter) (D:14)
  3 hydras
  A catoblepas (D:14)
  A naga warrior (Snake:1)
  An alligator (Lair:5)
  A death yak (Lair:4)
  2 two-headed ogres (D:15)
  An orc knight (Orc:2)
  A deep elf pyromancer (D:14)
  An orc sorcerer (Orc:2)
  A mana viper (Snake:1)
  An ugly thing (D:13)
  2 cyclopes
  2 elephants (Lair:4)
  2 naga magi
  2 torpor snails (Lair:5)
  A black mamba (Lair:1)
  A komodo dragon (Lair:3)
  A tengu conjurer (D:14)
  A polar bear (Lair:5)
  3 hornets (Lair:5)
  A dream sheep (Lair:4)
  9 blink frogs
  2 slime creatures (D:15)
  A wraith (D:12)
  11 yaks
  8 nagas
  3 wargs (Lair:5)
  7 hell hounds (Lair:5)
  4 water moccasins
  9 orc warriors
  2 black bears (Lair:5)
  8 ogres
  12 wolves
  3 centaurs (D:14)
  A bullfrog (Lair:3)
  7 orc priests
  A troll simulacrum (Orc:1)
  3 orc wizards
  2 spriggan simulacra (Orc:1)
  20 orcs
144 creatures vanquished.

Vanquished Creatures (others)
  A troll (Orc:1)
  3 orcs
  46 fungi
  88 plants
138 creatures vanquished.

Grand Total: 872 creatures vanquished

Notes
Turn   | Place    | Note
-------+----------+-------------------------------------------
     0 | D:1      | themarg the Gnoll Transmuter began the quest for the Orb.
     0 | D:1      | Reached XP level 1. HP: 17/17 MP: 6/6
     5 | D:1      | Noticed a six-headed hydra
   122 | D:1      | Found Rasevohu's General Store.
   360 | D:1      | Reached XP level 2. HP: 23/23 MP: 5/7
   363 | D:1      | Learned a level 2 spell: Wereblood
   583 | D:1      | Noticed a seven-headed hydra
  1102 | D:2      | Reached skill level 5 in Spellcasting
  1102 | D:2      | Reached XP level 3. HP: 28/28 MP: 6/9
  1106 | D:2      | Learned a level 3 spell: Spider Form
  1451 | D:3      | Reached skill level 1 in Invocations
  1518 | D:3      | Found a shimmering altar of Xom.
  1630 | D:3      | Reached skill level 1 in Short Blades
  1630 | D:3      | Reached skill level 1 in Long Blades
  1630 | D:3      | Reached skill level 1 in Axes
  1630 | D:3      | Reached skill level 1 in Maces & Flails
  1630 | D:3      | Reached skill level 1 in Polearms
  1630 | D:3      | Reached skill level 1 in Staves
  1630 | D:3      | Reached skill level 1 in Ranged Weapons
  1630 | D:3      | Reached skill level 1 in Throwing
  1630 | D:3      | Reached skill level 1 in Armour
  1630 | D:3      | Reached skill level 1 in Stealth
  1630 | D:3      | Reached skill level 1 in Shields
  1630 | D:3      | Reached skill level 1 in Evocations
  2028 | D:3      | Reached XP level 4. HP: 34/34 MP: 6/11
  2384 | D:4      | Reached skill level 1 in Conjurations
  2384 | D:4      | Reached skill level 1 in Hexes
  2384 | D:4      | Reached skill level 1 in Summonings
  2384 | D:4      | Reached skill level 1 in Necromancy
  2384 | D:4      | Reached skill level 1 in Translocations
  2384 | D:4      | Reached skill level 1 in Fire Magic
  2384 | D:4      | Reached skill level 1 in Ice Magic
  2384 | D:4      | Reached skill level 1 in Air Magic
  2384 | D:4      | Reached skill level 1 in Earth Magic
  2384 | D:4      | Reached skill level 1 in Poison Magic
  2452 | D:4      | Reached XP level 5. HP: 16/40 MP: 10/12
  2908 | D:4      | Found an opulent altar of Gozag.
  2913 | D:4      | Became a worshipper of Gozag Ym Sagoz the Greedy
  2981 | D:4      | Found a staircase to the Ecumenical Temple.
  2989 | D:4      | Reached XP level 6. HP: 47/47 MP: 11/14
  3362 | D:5      | Entered Level 5 of the Dungeon
  3419 | D:5      | Reached skill level 5 in Dodging
  3571 | D:5      | Found a runed translucent door.
  3600 | D:5      | Noticed pokeman's ghost (novice DEHW)
  3639 | D:5      | Reached skill level 7 in Unarmed Combat
  3639 | D:5      | Reached XP level 7. HP: 24/52 MP: 12/15
  3838 | D:5      | You fall into a shaft and drop 1 floor!
  3860 | D:5      | Found a blossoming altar of Fedhas.
  4220 | D:5      | Reached XP level 8. HP: 58/60 MP: 13/16
  4391 | D:5      | Learned a level 3 spell: Mephitic Cloud
  4955 | D:6      | Noticed a wyvern
  4962 | D:6      | Killed a wyvern
  5060 | D:6      | Reached skill level 5 in Transmutations
  5516 | D:7      | Identified the +0 leather armour of Hinat {rPois rF+++
                  | Will+ Dex-5}
  5648 | D:7      | Noticed Duvessa
  5716 | D:7      | Reached XP level 9. HP: 51/66 MP: 13/18
  5735 | D:7      | Learned a level 4 spell: Ice Form
  5958 | D:7      | Noticed Dowan
  5966 | D:7      | Killed Duvessa
  5967 | D:7      | Reached skill level 5 in Fighting
  5972 | D:7      | Killed Dowan
  6233 | D:7      | Found a shimmering blue altar of Sif Muna.
  6688 | D:7      | Found Tiexurig's Armour Emporium.
  6751 | D:7      | Reached skill level 8 in Unarmed Combat
  7088 | D:8      | Reached skill level 5 in Invocations
  7247 | D:8      | Found a sacrificial altar of Ru.
  7492 | D:8      | Found a staircase to the Lair.
  8127 | D:9      | Noticed a troll
  8184 | D:9      | Noticed a hornet
  8194 | D:9      | Killed a hornet
  8228 | D:9      | Reached skill level 5 in Short Blades
  8228 | D:9      | Reached skill level 5 in Long Blades
  8228 | D:9      | Reached skill level 5 in Axes
  8228 | D:9      | Reached skill level 5 in Maces & Flails
  8228 | D:9      | Reached skill level 5 in Polearms
  8228 | D:9      | Reached skill level 5 in Staves
  8228 | D:9      | Reached skill level 5 in Ranged Weapons
  8228 | D:9      | Reached skill level 5 in Throwing
  8228 | D:9      | Reached skill level 5 in Armour
  8228 | D:9      | Reached skill level 5 in Stealth
  8228 | D:9      | Reached skill level 5 in Shields
  8228 | D:9      | Reached skill level 5 in Evocations
  8228 | D:9      | Reached XP level 10. HP: 57/76 MP: 15/20
  8329 | D:9      | Found a radiant altar of Vehumet.
  8351 | D:9      | Noticed a two-headed ogre
  8363 | D:9      | Killed a two-headed ogre
  8762 | D:9      | Found a snail-covered altar of Cheibriados.
  9616 | D:10     | Entered Level 10 of the Dungeon
  9897 | D:10     | Reached skill level 9 in Unarmed Combat
  9897 | D:10     | Noticed a moth of wrath
  9903 | D:10     | Reached skill level 5 in Conjurations
  9903 | D:10     | Reached skill level 5 in Hexes
  9903 | D:10     | Reached skill level 5 in Summonings
  9903 | D:10     | Reached skill level 5 in Necromancy
  9903 | D:10     | Reached skill level 5 in Translocations
  9903 | D:10     | Reached skill level 5 in Fire Magic
  9903 | D:10     | Reached skill level 5 in Ice Magic
  9903 | D:10     | Reached skill level 5 in Air Magic
  9903 | D:10     | Reached skill level 5 in Earth Magic
  9903 | D:10     | Reached skill level 5 in Poison Magic
  9903 | D:10     | Reached XP level 11. HP: 69/83 MP: 22/22
  9905 | D:10     | a moth of wrath changed into a salamander
  9905 | D:10     | Noticed a salamander (shapeshifter)
  9912 | D:10     | Killed a salamander
 10409 | D:10     | Found a hide-covered altar of Uskayaw.
 10930 | D:10     | Noticed a two-headed ogre
 10940 | D:10     | Killed a two-headed ogre
 11239 | D:11     | Noticed Urug
 11250 | D:11     | Killed Urug
 11355 | D:11     | Noticed Gastronok
 11366 | D:11     | Killed Gastronok
 11634 | D:11     | Noticed Erolcha
 11643 | D:11     | Killed Erolcha
 11653 | D:11     | Noticed a boulder beetle
 11664 | D:11     | Killed a boulder beetle
 11968 | D:11     | Noticed a two-headed ogre
 11974 | D:11     | Killed a two-headed ogre
 12395 | D:5      | Killed pokeman's ghost
 12501 | Lair:1   | Entered Level 1 of the Lair of Beasts
 12507 | Lair:1   | Learned a level 4 spell: Summon Lightning Spire
 12522 | Lair:1   | Reached XP level 12. HP: 91/91 MP: 16/24
 12637 | Lair:1   | Identified the +7 flail of the Unseen Realm {chaos, Fragile
                  | rF+ rN++ MP+9}
 13306 | Lair:1   | Reached skill level 10 in Unarmed Combat
 13470 | Lair:1   | Found a radiant altar of Vehumet.
 13781 | Lair:2   | Noticed a boulder beetle
 13804 | Lair:2   | Killed a boulder beetle
 13886 | Lair:2   | Found a staircase to the Snake Pit.
 14254 | Lair:2   | Noticed a six-headed hydra
 14257 | Lair:2   | Killed a six-headed hydra
 14915 | Lair:3   | Reached XP level 13. HP: 99/99 MP: 16/26
 15118 | Lair:3   | Noticed Sonja
 15119 | Lair:3   | Killed Sonja
 15750 | Lair:3   | Found a staircase to the Shoals.
 16148 | Lair:3   | Learned a level 5 spell: Blade Hands
 16174 | Lair:4   | Reached skill level 10 in Spellcasting
 16755 | Lair:4   | Reached skill level 10 in Dodging
 16755 | Lair:4   | Reached skill level 11 in Unarmed Combat
 17480 | Lair:4   | Reached skill level 10 in Invocations
 17480 | Lair:4   | Reached XP level 14. HP: 108/108 MP: 21/28
 18116 | Lair:5   | Entered Level 5 of the Lair of Beasts
 18479 | Lair:5   | Found a runed translucent door.
 19011 | Lair:5   | Found a viscous altar of Jiyva.
 19019 | Lair:5   | Found a staircase to the Slime Pits.
 19180 | Lair:5   | Reached skill level 10 in Fighting
 20800 | Lair:5   | Reached skill level 10 in Short Blades
 20800 | Lair:5   | Reached skill level 10 in Long Blades
 20800 | Lair:5   | Reached skill level 10 in Axes
 20800 | Lair:5   | Reached skill level 10 in Maces & Flails
 20800 | Lair:5   | Reached skill level 10 in Polearms
 20800 | Lair:5   | Reached skill level 10 in Staves
 20800 | Lair:5   | Reached skill level 10 in Ranged Weapons
 20800 | Lair:5   | Reached skill level 10 in Throwing
 20800 | Lair:5   | Reached skill level 10 in Armour
 20800 | Lair:5   | Reached skill level 10 in Stealth
 20800 | Lair:5   | Reached skill level 10 in Shields
 20800 | Lair:5   | Reached skill level 10 in Evocations
 21447 | Lair:5   | Reached XP level 15. HP: 113/117 MP: 22/30
 21840 | D:12     | Reached skill level 12 in Unarmed Combat
 22371 | D:12     | Found a staircase to the Orcish Mines.
 22463 | Orc:1    | Entered Level 1 of the Orcish Mines
 22960 | Orc:1    | Found a frozen archway.
 23485 | Orc:2    | Entered Level 2 of the Orcish Mines
 23579 | Orc:2    | Found Usoima's Antique Armour Shop.
 24055 | Orc:2    | Found a staircase to the Elven Halls.
 24173 | Orc:2    | Found Xuunu's Jewellery Shop.
 25228 | Orc:2    | Noticed an orc warlord
 25250 | Orc:2    | Killed an orc warlord
 25496 | Orc:2    | Found Iweby's Antique Weapon Emporium.
 25551 | Orc:2    | Found Rouwy's General Store.
 25559 | Orc:2    | Bought a scroll of fog for 64 gold pieces
 27812 | D:14     | Reached skill level 10 in Transmutations
 27824 | D:14     | Reached XP level 16. HP: 88/125 MP: 28/32
 27955 | D:14     | Found a gate to the Vaults.
 28150 | D:14     | Found a shimmering blue altar of Sif Muna.
 28339 | D:15     | Entered Level 15 of the Dungeon
 28622 | D:15     | Found a staircase to the Depths.
 29823 | Snake:1  | Entered Level 1 of the Snake Pit
 30443 | Snake:1  | Reached skill level 13 in Unarmed Combat
 31735 | Snake:1  | Learned a level 5 spell: Lee's Rapid Deconstruction
 32240 | Snake:2  | HP: 1/127 [salamander/+0 halberd (6)]
 32240 | Snake:2  | Slain by a salamander

Illustrated notes

Levels and vault maps discovered:
D:1:      sevenhm_arrival_forest_fort_small_2, layout_loops_ring, serial_shops,
          nicolae_shop_trees
D:2:      layout_basic
D:3:      layout_loops_corners, tgw_xom, minmay_fountain_box
D:4:      layout_cave_pools, mainiacjoe_overflow_24_doors, temple_statues,
          serial_rivers, chequers_serial_rivers_micro_e,
          chequers_serial_rivers_large_a, chequers_serial_rivers_room_b,
          chequers_serial_rivers_room_b, chequers_serial_rivers_micro_b,
          chequers_serial_rivers_small_3
D:5:      layout_basic, amcnicky_altar_gilded, ebering_ghost_sewer_d
D:6:      layout_loops_ring
D:7:      layout_cave_pods, mainiacjoe_overflow_small_starburst, serial_bayou,
          serial_bayou_crossing, serial_bayou_shore_b, serial_bayou_lagoon_a,
          serial_bayou_pond_a, serial_bayou_pond_a, serial_shops,
          nicolae_square_shop, uniq_duvessa
D:8:      layout_basic, nicolae_ru_awakened_eye, lair_entry_dummy
D:9:      layout_stronghold, mainiacjoe_overflow_six_doors_small,
          mainiacjoe_overflow_alcove_2
D:10:     layout_loops_cross, marbit_many_paths, serial_ice, serial_ice_o,
          serial_ice_l, serial_ice_a, serial_ice_f
D:11:     layout_loops_ring, uniq_urug, uniq_gastronok, uniq_erolcha
D:12:     layout_gridville, orc_0_dummy
D:13:     layout_roguey
D:14:     layout_basic, david_vaults_1, lemuel_blue_sif_altar
D:15:     hangedman_depths_entry_try_elsewhere_first, layout_long_grid,
          nicolae_figureground_pulse
Lair:1:   layout_chaotic_city, basic_altar, infiniplex_staircase_pool,
          grunt_megastairs_3, serial_bayou_shore_a, lemuel_fruit_fields
Lair:2:   layout_misc_corridors, guppyfry_snake_entry_island,
          lemuel_fruit_fields
Lair:3:   layout_cave_pods, minmay_shoals_entry_lonely_mermaid,
          grunt_megastairs_5, uniq_sonja
Lair:4:   nzn_winding_woodlands_three_and_one
          [nzn_winding_woodlands_5x15_garden,
          nzn_winding_woodlands_5x15_sawtooth, nzn_winding_woodlands_5x15_twine,
          nzn_winding_woodlands_center_garden], layout_cave_pods,
          nicolae_lair_yak_garden
Lair:5:   hangedman_lair_caniforms_friends, layout_regular_city, wormcave,
          minmay_slime_entry_oklob_open, nicolae_lair_run_with_the_wolves
Snake:1:  layout_gridlike, grunt_megastairs_4
Snake:2:  layout_cave_pods, nicolae_snake_salamander_zone, grunt_megastairs_1
Orc:1:    layout_caves, portal_ice_cave_entry_ice_simulacra,
          guppyfry_library_mini
Orc:2:    grunt_orc_gardens, layout_diamond_mine, grunt_orc_garden,
          grunt_orc_garden, grunt_orc_garden, grunt_orc_garden,
          minmay_orc_temple_c

Skill      XL: |  1  2  3  4  5  6  7  8  9 10 11 12 13 14 15 16 |
---------------+-------------------------------------------------+-----
Spellcasting   | 5 6 7 8 9 10 11 12 | 12.5
Invocations    | 1 2 3 4 5 6 7 8 10 11 12 | 12.5
Short Blades   | 1 2 3 5 6 7 8 9 10 11 | 11.5
Long Blades    | 1 2 3 5 6 7 8 9 10 11 | 11.5
Axes           | 1 2 3 5 6 7 8 9 10 11 | 11.5
Maces & Flails | 1 2 3 5 6 7 8 9 10 11 | 11.5
Polearms       | 1 2 3 5 6 7 8 9 10 11 | 11.5
Staves         | 1 2 3 5 6 7 8 9 10 11 | 11.5
Ranged Weapons | 1 2 3 5 6 7 8 9 10 11 | 11.5
Throwing       | 1 2 3 5 6 7 8 9 10 11 | 11.5
Armour         | 1 2 3 5 6 7 8 9 10 11 | 11.5
Stealth        | 1 2 3 5 6 7 8 9 10 11 | 11.5
Shields        | 1 2 3 5 6 7 8 9 10 11 | 11.5
Evocations     | 1 2 3 5 6 7 8 9 10 11 | 11.5
Conjurations   | 1 2 3 4 5 6 7 8 9 |  9.7
Hexes          | 1 2 3 4 5 6 7 8 9 |  9.7
Summonings     | 1 2 3 4 5 6 7 8 9 |  9.7
Necromancy     | 1 2 3 4 5 6 7 8 9 |  9.7
Translocations | 1 2 3 4 5 6 7 8 9 |  9.7
Fire Magic     | 1 2 3 4 5 6 7 8 9 |  9.7
Ice Magic      | 1 2 3 4 5 6 7 8 9 |  9.7
Air Magic      | 1 2 3 4 5 6 7 8 9 |  9.7
Earth Magic    | 1 2 3 4 5 6 7 8 9 |  9.7
Poison Magic   | 1 2 3 4 5 6 7 8 9 |  9.7
Fighting       | 3 4 5 6 7 8 9 10 11 | 11.8
Transmutations | 4 5 6 7 8 9 10 | 10.5
Dodging        | 5 6 7 8 9 10 11 12 | 12.4
Unarmed Combat | 7 8 9 10 11 12 13 | 13.1

Action                   |  1- 3 |  4- 6 |  7- 9 | 10-12 | 13-15 | 16-18 || total
-------------------------+-------+-------+-------+-------+-------+-------++-------
Melee: Unarmed           |    83 |    82 |   197 |   322 |   651 |   170 ||  1505
       Kick              |     7 |     3 |       |       |       |       ||    10
       Bite              |     4 |     1 |       |       |    65 |    38 ||   108
       Headbutt          |     5 |       |       |       |       |       ||     5
       Punch             |     1 |     1 |       |       |    27 |    20 ||    49
 Cast: Beastly Appendage |    22 |     6 |       |       |       |       ||    28
       Spider Form       |     4 |    11 |    37 |     2 |       |       ||    54
       Wereblood         |     1 |     3 |     6 |    10 |     3 |       ||    23
       Ice Form          |       |       |     6 |    45 |    35 |       ||    86
       Mephitic Cloud    |       |       |       |    10 |    90 |    10 ||   110
       Summon Lightning  |       |       |       |    23 |   145 |    58 ||   226
       Blade Hands       |       |       |       |       |    75 |    40 ||   115
Invok: Potion Petition   |       |       |       |     1 |     4 |     3 ||     8
       Bribe Branch      |       |       |       |       |       |     1 ||     1
Evoke: Wand              |       |       |    10 |    11 |    13 |       ||    34
       Phantom mirror    |       |       |       |       |     4 |     1 ||     5
  Use: Scroll            |       |     4 |     4 |     8 |    10 |     1 ||    27
       Potion            |       |     3 |       |       |     4 |     2 ||     9
 Stab: Sleeping          |     4 |     2 |     2 |       |     3 |     1 ||    12
       Confused          |       |       |       |     1 |    23 |     4 ||    28
       Distracted        |       |       |       |     3 |    10 |     2 ||    15
Armor: Robe              |     7 |     1 |       |       |       |       ||     8
       Skin              |       |    25 |    11 |    56 |    51 |       ||   143
       Leather armour    |       |       |     1 |       |    66 |    23 ||    90
Dodge: Dodged            |    53 |    62 |   172 |   161 |   289 |   111 ||   848

Table legend: (Time is in decaauts)
 A = Elapsed time spent in this place.
 B = Non-inter-level travel time spent in this place.
 C = Inter-level travel time spent in this place.
 D = Time resting spent in this place.
 E = Time spent auto-exploring this place.
 F = Levels seen in this place.
 G = Mean time per level.
                   A        B        C        D        E       F      G
               +--------+--------+--------+--------+--------+-----+--------+
         Total |  32038 |  30606 |   1432 |   1411 |  24053 |  24 | 1334.9 |
       Dungeon |  17116 |  16141 |    975 |    551 |  13301 |  15 | 1141.1 |
          Lair |   9176 |   8912 |    264 |    199 |   7095 |   5 | 1835.2 |
     Snake Pit |   2391 |   2349 |     42 |    131 |   1760 |   2 | 1195.5 |
  Orcish Mines |   3352 |   3202 |    150 |    530 |   1896 |   2 | 1676.0 |
               +--------+--------+--------+--------+--------+-----+--------+

Top non-repeatable levels by time:
  Lair:5: 3477 daAuts
 Snake:1: 1995 daAuts
   Orc:2: 1978 daAuts
  Lair:4: 1966 daAuts
     D:9: 1754 daAuts
    D:10: 1617 daAuts
     D:7: 1547 daAuts
  Lair:3: 1484 daAuts
   Orc:1: 1374 daAuts
  Lair:1: 1313 daAuts
    D:15: 1269 daAuts
    D:14: 1175 daAuts
     D:5: 1158 daAuts
    D:13: 1154 daAuts
    D:11: 1123 daAuts
